 Dungeon Crawl Stone Soup version 0.25-a0-443-gece2dee8bd (webtiles) character file.

Game seed: 13293219011020412909, levelgen mode: deterministic

905 ReteAZ the Digger (level 8, -2/49 HPs)
             Began as an Octopode Earth Elementalist on Jan 30, 2020.
             Was a Believer of Vehumet.
             Slain by a sky beast (5 damage)
             ... on level 5 of the Dungeon.
             The game lasted 00:10:01 (5374 turns).

ReteAZ the Digger (Octopode Earth Elementalist)     Turns: 5374, Time: 00:10:01

Health: -2/49      AC:  1    Str: 12    XL:     8   Next: 8%
Magic:  15/15      EV: 14    Int: 19    God:    Vehumet [**....]
Gold:   242        SH:  0    Dex: 13    Spells: 12/16 levels left

rFire    x . .     SeeInvis .   h - +3 quarterstaff (chaos)
rCold    + . .     Gourm    .   (shield currently unavailable)
rNeg     . . .     Faith    .   (helmet restricted)
rPois    .         Spirit   .   q - amulet of magic regeneration
rElec    .         Reflect  .   (no ring)
rCorr    .         Harm     .   j - +5 ring of strength
MR       .....                  r - ring of ice
Stlth    +++.......             (no ring)
HPRegen  0.16/turn              (no ring)
MPRegen  0.39/turn              (no ring)
                                (no ring)
                                (no ring)

@: lightly drained
A: almost no armour, stealthy swim, amphibious, 8 rings, constrict 8, camouflage
1, gelatinous body 1
a: Renounce Religion


You were on level 5 of the Dungeon.
You worshipped Vehumet.
Vehumet was pleased with you.
You were not hungry.

You visited 1 branch of the dungeon, and saw 5 of its levels.
You also visited: Ossuary.

You collected 242 gold pieces.

Inventory:

Hand Weapons
 g - a +0 short sword
 h - a +3 quarterstaff of chaos (weapon)
Missiles
 b - 78 stones (quivered)
 i - 8 javelins
Jewellery
 d - an uncursed ring of fire
 j - a +5 ring of strength (right tentacle)
 q - an amulet of magic regeneration (around mantle)
 r - a ring of ice (on tentacle)
Wands
 w - a wand of flame (11)
Scrolls
 a - 2 scrolls of remove curse
 e - 7 scrolls of identify
 k - a scroll of enchant weapon {unknown}
 l - a scroll of fog
 n - a scroll of enchant armour
 o - a scroll of acquirement {unknown}
Potions
 f - a potion of might {unknown}
 m - a potion of heal wounds {unknown}
 p - a potion of mutation {unknown}
 s - a potion of brilliance {unknown}
 t - a potion of magic {unknown}
 u - 2 potions of degeneration {unknown}
 v - a potion of agility
 x - 2 potions of flight {unknown}
 z - a potion of resistance {unknown}
 A - a potion of curing {unknown}
 B - a potion of lignification {unknown}
Comestibles
 c - 8 rations
 C - a chunk of flesh


   Skills:
 + Level 1.6(1.5) Fighting
 + Level 2.7(2.6) Dodging
 - Level 2.6(2.5) Stealth
 + Level 4.9(4.8) Spellcasting
 + Level 1.7(1.6) Conjurations
   Level 1.0(0.8) Transmutations
 - Level 7.1(7.0) Earth Magic


You had 12 spell levels left.
You knew the following spells:

 Your Spells              Type           Power        Failure   Level  Hunger
a - Sandblast             Erth           ####..       1%          1    None
b - Stone Arrow           Conj/Erth      ###...       6%          3    ##.....

Your spell library contained the following spells:

 Spells                   Type           Power        Failure   Level  Hunger
 Dazzling Flash           Conj/Hex       #.....       26%         3    ##.....
 Passwall                 Tmut/Erth      ###.....     3%          2    #......
 Lee's Rapid Deconstruct  Erth           ####......   21%         5    ######.
 Petrify                  Tmut/Erth      ###.....     26%         4    ####...


Dungeon Overview and Level Annotations

Branches:
Dungeon (5/15)            Ossuary (visited)
 Temple: D:4-7

Altars:
Gozag
Ru
Trog
Vehumet
Wu Jian
Xom
Zin
The Shining One

Annotations:
D:4 Pikel
D:5 Menkaure


Innate Abilities, Weirdness & Mutations

You cannot wear most types of armour.
You are very stealthy in the water. (Stealth+)
You are amphibious.
You can wear up to eight rings at the same time.
You can use your tentacles to constrict eight enemies at once.
Your skin changes colour to match your surroundings (Stealth+).
Your rubbery body absorbs attacks. (AC +1, EV +1)


Message History

Casting: Sandblast (safe; 1% risk of failure)
Confirm with . or Enter, or press ? or * to list all spells.
You can't see any susceptible monsters within range! (Use Z to cast anyway.)
Casting: Sandblast (safe; 1% risk of failure)
Confirm with . or Enter, or press ? or * to list all spells.
Aiming: Sandblast (safe; 1% risk of failure)
Press: ? - help, Shift-Dir - straight line
b - 78 stones A sky beast appears from thin air!
Reactivating autopickup.
The sky beast hits you.
* * * LOW HITPOINT WARNING * * *
The sky beast shocks you.
* * * LOW HITPOINT WARNING * * *
You closely miss the sky beast.
The sky beast is almost dead.
The sky beast hits you.
* * * LOW HITPOINT WARNING * * *
The sky beast shocks you.
You die...

##### ..... .####### ..
........#..# .######.#
..# .# .# #.# #.#
#####...# .## #.#
#.##.Y...... ..# #..
###.#@####.# ..#####.##
#..........#
.........###.###.#######
..#####รท#.##.#
#........
..#####.#..#.###.#######
.#......#...........#
_..##########...###.....
.#..............# ####
...##########...#


You could see a sky beast.

Vanquished Creatures
  A slave (D:4)
  A sky beast (D:5)
  A phantom (D:5)
  A centaur (D:5)
  2 scorpions (D:4)
  4 crimson imps
  Crazy Yiuf (D:3)
  A hound (D:3)
  Ijyb (D:4)
  An iguana (D:4)
  4 big kobold zombies (Ossuary)
  A mummy (Ossuary)
  3 gnolls (D:5)
  7 adders
  An adder skeleton (D:4)
  3 dart slugs
  A leopard gecko (D:2)
  An orc (D:3)
  3 spectral bats (Ossuary)
  A ball python (D:3)
  9 bats
  4 giant cockroaches
  8 gnoll zombies (Ossuary)
  7 goblins
  5 hobgoblins
  6 jackals
  A quokka (D:2)
  5 bat simulacra (Ossuary)
  7 frilled lizards
  2 goblin simulacra (Ossuary)
  A goblin skeleton (D:4)
  7 goblin zombies (Ossuary)
  8 hobgoblin zombies
  6 kobolds
  3 kobold simulacra (Ossuary)
  4 kobold zombies (Ossuary)
  2 orc skeletons (D:4)
  4 orc zombies
  7 rats
  2 rat simulacra (Ossuary)
  A spectral goblin (Ossuary)
  4 spectral kobolds (Ossuary)
  3 spectral rats (Ossuary)
145 creatures vanquished.

Notes
Turn   | Place    | Note
-------+----------+-------------------------------------------
     0 | D:1      | ReteAZ the Octopode Earth Elementalist began the quest for
                  | the Orb.
     0 | D:1      | Reached XP level 1. HP: 11/11 MP: 3/3
    67 | D:1      | Reached XP level 2. HP: 7/17 MP: 5/5
  1196 | D:1      | Reached XP level 3. HP: 20/21 MP: 6/6
  1379 | D:2      | Reached skill level 4 in Earth Magic
  2111 | D:2      | Reached XP level 4. HP: 27/27 MP: 4/8
  2825 | D:3      | Reached XP level 5. HP: 31/31 MP: 9/9
  2891 | D:3      | Found a sacrificial altar of Ru.
  2893 | D:3      | Found an ornate altar of the Wu Jian Council.
  2893 | D:3      | Found a glowing silver altar of Zin.
  2893 | D:3      | Found a radiant altar of Vehumet.
  2893 | D:3      | Found a shimmering altar of Xom.
  2910 | D:3      | Became a worshipper of Vehumet
  3023 | D:3      | Reached skill level 5 in Earth Magic
  3028 | D:3      | Learned a level 3 spell: Stone Arrow
  3209 | D:3      | Found a runed translucent door.
  3210 | D:3      | Noticed Crazy Yiuf
  3364 | D:3      | Killed Crazy Yiuf
  3696 | D:3      | Found a bloodstained altar of Trog.
  3769 | D:4      | Reached XP level 6. HP: 32/36 MP: 11/11
  4206 | D:4      | Noticed Ijyb
  4211 | D:4      | Killed Ijyb
  4211 | D:4      | Reached skill level 6 in Earth Magic
  4391 | D:4      | Found a glowing golden altar of the Shining One.
  4411 | D:4      | Noticed a slave
  4412 | D:4      | Noticed a slave
  4425 | D:4      | Noticed Pikel
  4434 | D:4      | Killed a slave
  4451 | D:4      | Noticed a slave
  4475 | D:5      | Entered Level 5 of the Dungeon
  4566 | D:5      | Reached XP level 7. HP: 41/41 MP: 11/13
  4611 | D:5      | Reached * piety under Vehumet
  4611 | D:5      | Offered knowledge of Foxfire by Vehumet.
  4651 | D:5      | Reached skill level 7 in Earth Magic
  4704 | D:5      | Noticed Menkaure
  4749 | D:5      | Reached skill level 1 in Fighting
  4749 | D:5      | Reached skill level 1 in Conjurations
  4764 | D:5      | Found a sand-covered staircase.
  4773 | Ossuary  | Entered an ossuary
  5002 | Ossuary  | Reached XP level 8. HP: 43/48 MP: 15/15
  5046 | Ossuary  | Reached ** piety under Vehumet
  5137 | Ossuary  | Offered knowledge of Magic Dart by Vehumet.
  5334 | D:5      | Found an opulent altar of Gozag.
  5349 | D:5      | Offered knowledge of Dazzling Flash by Vehumet.
  5374 | D:5      | Slain by a sky beast

Levels and vault maps discovered:
D:1:      lightli_iron_boxes, layout_basic
D:2:      layout_basic
D:3:      layout_loops_ring, bloody_trog, grunt_temple_overflow_open,
          uniq_crazy_yiuf_cottage
D:4:      layout_layer_cave, nicolae_tso_besieged_by_evil,
          minmay_temple_entry_glass, first_ration, ebering_ghost_sewer_d,
          uniq_grinder, uniq_ijyb, uniq_pikel
D:5:      layout_loops_ring, lemuel_crystal_altar, lemuel_crystal_altar,
          enter_ossuary_1, grunt_decor_cap, uniq_menkaure, uniq_duvessa

Skill      XL: |  1  2  3  4  5  6  7 |
---------------+----------------------+-----
Earth Magic    | 4 5 6 7 |  7.1
Spellcasting   | 3 4 |  4.9
Fighting       | 1 |  1.6
Conjurations   | 1 |  1.7
Dodging        | |  2.7
Stealth        | |  2.6
Transmutations | |  1.0

Action                   |  1- 3 |  4- 6 |  7- 9 || total
-------------------------+-------+-------+-------++-------
Melee: Unarmed           |    40 |     2 |       ||    42
       Constrict         |    33 |    19 |    22 ||    74
       Tentacles         |    18 |    12 |    12 ||    42
       Short sword       |    66 |    44 |       ||   110
       Quarterstaff      |       |    29 |    84 ||   113
 Cast: Sandblast         |     8 |    27 |    39 ||    74
       Stone Arrow       |       |     3 |     3 ||     6
  Use: Scroll            |       |     1 |     6 ||     7
 Stab: Sleeping          |     8 |     9 |     8 ||    25
  Eat: Chunk             |     4 |     4 |     3 ||    11
       Ration            |       |     1 |       ||     1
Armor: Skin              |    14 |     5 |     5 ||    24
Dodge: Dodged            |    85 |    45 |    42 ||   172

Table legend:
 A = Non-vault XP
 B = Vault XP
 C = Vault XP percentage of total XP
 D = Non-vault monster count
 E = Vault monster count
 F = Vault count percentage of total count
                 A         B        C        D         E       F
            +---------+---------+-------+---------+---------+-------
      Total |     972 |     322 |  24.9 |      79 |      65 |  45.1
            +---------+---------+-------+---------+---------+-------
        D:1 |      34 |       0 |   0.0 |      19 |       0 |   0.0
        D:2 |      80 |       0 |   0.0 |      28 |       0 |   0.0
        D:3 |      84 |      42 |  33.3 |      15 |       1 |   6.2
        D:4 |     192 |      96 |  33.3 |       6 |      10 |  62.5
        D:5 |     582 |       0 |   0.0 |      11 |       0 |   0.0
    Ossuary |       0 |     184 | 100.0 |       0 |      54 | 100.0
            +---------+---------+-------+---------+---------+-------
